PAAA
BAKERSFIELD NOBLES @ ALLOWAY HALBERDS
09/12/2018
 
TOP OF THE 1ST
Bakersfield Nobles batting - Pitching for Alloway Halberds : RHP Joe Holmes
Pitching: RHP Joe Holmes
Batting: RHB Bill Sackett 0-0: Ball
1-0: Ground out 1-3 (Groundball, 15S)
Batting: LHB Paul Smith 0-0: Ground out 4-3 (Groundball, 4)
Batting: RHB Jorge Gonzáles 0-0: Called Strike
0-1: Ball
1-1: Fly out, F8 (Flyball, 8LM)
Top of the 1st over - 0 run(s), 0 hit(s), 0 error(s), 0 left on base; Bakersfield 0 - Alloway 0
BOTTOM OF THE 1ST
Alloway Halberds batting - Pitching for Bakersfield Nobles : RHP Orsino Lippi
Pitching: RHP Orsino Lippi
Batting: LHB Jack Robbins 0-0: Ball
1-0: Foul Ball, location: 2F
1-1: Called Strike
1-2: Fly out, F7 (Flyball, 7M)
Batting: RHB Bill Stewart 0-0: Called Strike
0-1: Swinging Strike
0-2: Ball
1-2: Foul Ball, location: 2F
1-2: SINGLE (Groundball, 34D)
Batting: RHB Jonathan Cundall 0-0: Ball
1-0: Ball
2-0: Called Strike
2-1: SINGLE (Groundball, 6MD)
Bill Stewart to second
Throwing error, E8
Bill Stewart scores
Jonathan Cundall to second
Batting: LHB Matt Lee 0-0: Ball
1-0: Fly out, F7 (Flyball, 7M)
Batting: RHB Mark Davis 0-0: Called Strike
0-1: Foul Ball, location: 2F
0-2: Foul Ball, location: 2F
0-2: Fly out, F4 (Popup, 4M)
Bottom of the 1st over - 1 run(s), 2 hit(s), 1 error(s), 1 left on base; Bakersfield 0 - Alloway 1
TOP OF THE 2ND
Bakersfield Nobles batting - Pitching for Alloway Halberds : RHP Joe Holmes
Batting: RHB Kyle Bridges 0-0: Ball
1-0: Ball
2-0: Called Strike
2-1: Ball
3-1: Called Strike
3-2: Strikes out looking
Batting: RHB Lawrence Olsen 0-0: Ball
1-0: Foul Ball, location: 2F
1-1: Ball
2-1: Foul Ball, location: 2F
2-2: Ball
3-2: Foul Ball, location: 2F
3-2: Foul Ball, location: 2F
3-2: Fly out, F9 (Flyball, 89S)
Batting: RHB Jack Hatcher 0-0: Ball
1-0: Foul Ball, location: 2F
1-1: Ground out 1-3 (Groundball, 13S)
Top of the 2nd over - 0 run(s), 0 hit(s), 0 error(s), 0 left on base; Bakersfield 0 - Alloway 1
BOTTOM OF THE 2ND
Alloway Halberds batting - Pitching for Bakersfield Nobles : RHP Orsino Lippi
Batting: RHB Juan Martínez 0-0: Swinging Strike
0-1: Swinging Strike
0-2: Ball
1-2: SINGLE (Flyball, 6MD)
Batting: RHB Pedro Orozco 0-0: Called Strike
0-1: Foul Ball, location: 2F
0-2: Ball
1-2: Strikes out swinging
Batting: RHB Brian Williams 0-0: Foul Ball, location: 2F
0-1: DOUBLE (Line Drive, 78M)
Juan Martínez to third
Batting: RHB Anthony Johnston 0-0: Called Strike
0-1: Ball
1-1: Foul Ball, location: 2F
1-2: Foul Ball, location: 2F
1-2: Foul Ball, location: 2F
1-2: Ball
2-2: Fly out, F4 (Popup, 4MD)
Batting: LHB Jack Robbins 0-0: Foul Ball, location: 2F
0-1: Swinging Strike
0-2: Ball
1-2: Strikes out swinging
Bottom of the 2nd over - 0 run(s), 2 hit(s), 0 error(s), 2 left on base; Bakersfield 0 - Alloway 1
TOP OF THE 3RD
Bakersfield Nobles batting - Pitching for Alloway Halberds : RHP Joe Holmes
Batting: RHB Bill Wilhelm 0-0: Foul Ball, location: 2F
0-1: Ball
1-1: Swinging Strike
1-2: Ball
2-2: Fly out, F7 (Flyball, 7D)
Batting: LHB Phil Parkinson 0-0: Ball
1-0: Ball
2-0: Ball
3-0: Called Strike
3-1: Base on Balls
Batting: LHB Jeffrey Gregg 0-0: Ball
1-0: Ball
2-0: Ball
3-0: Base on Balls
Phil Parkinson to second
Batting: RHB Bill Sackett 0-0: Called Strike
Phil Parkinson is caught stealing 3rd base
0-1: Ball
1-1: Foul Ball, location: 2F
1-2: Strikes out looking
Top of the 3rd over - 0 run(s), 0 hit(s), 0 error(s), 1 left on base; Bakersfield 0 - Alloway 1
BOTTOM OF THE 3RD
Alloway Halberds batting - Pitching for Bakersfield Nobles : RHP Orsino Lippi
Batting: RHB Bill Stewart 0-0: Foul Ball, location: 2F
0-1: SINGLE (Line Drive, 8RS)
Batting: RHB Jonathan Cundall 0-0: Ball
1-0: Called Strike
1-1: Called Strike
1-2: Foul Ball, location: 2F
1-2: Fly out, F9 (Flyball, 9D)
Batting: LHB Matt Lee 0-0: Ball
1-0: 2-RUN HOME RUN (Line Drive, 89XD), Distance : 425 ft
Batting: RHB Mark Davis 0-0: DOUBLE (Line Drive, 7D)
Batting: RHB Juan Martínez 0-0: Ball
1-0: Ball
2-0: Ball
3-0: Base on Balls
Batting: RHB Pedro Orozco 0-0: Fielders Choice at 2nd, 5-4 (Groundball, 5)
Mark Davis to third
Batting: RHB Brian Williams 0-0: Fly out, F7 (Flyball, 78M)
Bottom of the 3rd over - 2 run(s), 3 hit(s), 0 error(s), 2 left on base; Bakersfield 0 - Alloway 3
TOP OF THE 4TH
Bakersfield Nobles batting - Pitching for Alloway Halberds : RHP Joe Holmes
Batting: LHB Paul Smith 0-0: Called Strike
0-1: Foul Ball, location: 2F
0-2: Ground out 4-3 (Groundball, 4M)
Batting: RHB Jorge Gonzáles 0-0: Ball
1-0: Ball
2-0: Ball
3-0: Base on Balls
Batting: RHB Kyle Bridges 0-0: Ball
1-0: SINGLE (Groundball, 5D)
Jorge Gonzáles to second
Batting: RHB Lawrence Olsen 0-0: Ball
1-0: SINGLE (Flyball, 89S)
Jorge Gonzáles to third
Kyle Bridges to second
Runner from 3rd tries for Home, SAFE, throw made home
Kyle Bridges to third
Lawrence Olsen to second
Batting: RHB Jack Hatcher 0-0: Ball
1-0: Fly out, F7 (Flyball, 78S)
Batting: RHB Bill Wilhelm 0-0: Called Strike
0-1: Swinging Strike
0-2: Strikes out swinging
Top of the 4th over - 1 run(s), 2 hit(s), 0 error(s), 2 left on base; Bakersfield 1 - Alloway 3
BOTTOM OF THE 4TH
Alloway Halberds batting - Pitching for Bakersfield Nobles : RHP Orsino Lippi
Batting: RHB Anthony Johnston 0-0: Ball
1-0: SINGLE (Line Drive, 56)
Batting: LHB Jack Robbins 0-0: Ball
1-0: Fielders Choice at 2nd, U6 (Groundball, 6M)
Batting: RHB Bill Stewart 0-0: Ball
1-0: Swinging Strike
1-1: Foul Ball, location: 2F
1-2: Strikes out swinging
Batting: RHB Jonathan Cundall 0-0: Called Strike
0-1: Swinging Strike
0-2: Ball
1-2: Foul Ball, location: 2F
1-2: Ball
2-2: SINGLE (Groundball, 56D)
Jack Robbins to second
Batting: LHB Matt Lee 0-0: Swinging Strike
0-1: Ball
1-1: Foul Ball, location: 2F
1-2: Ball
2-2: Foul Ball, location: 2F
2-2: Strikes out looking
Bottom of the 4th over - 0 run(s), 2 hit(s), 0 error(s), 2 left on base; Bakersfield 1 - Alloway 3
TOP OF THE 5TH
Bakersfield Nobles batting - Pitching for Alloway Halberds : RHP Joe Holmes
Batting: LHB Phil Parkinson 0-0: Fly out, F7 (Flyball, 7M)
Batting: LHB Jeffrey Gregg 0-0: Foul Ball, location: 2F
0-1: Swinging Strike
0-2: Ball
1-2: Hit by Pitch
Batting: RHB Bill Sackett 0-0: Ball
1-0: DOUBLE (Line Drive, 5L)
Jeffrey Gregg to third
Batting: LHB Paul Smith 0-0: Foul Ball, location: 2F
0-1: SINGLE (Groundball, 6MD)
Jeffrey Gregg scores
Bill Sackett to third
Runner from 3rd tries for Home, SAFE, no throw or cutoff
Batting: RHB Jorge Gonzáles 0-0: Called Strike
0-1: Ball
1-1: Ball
2-1: Foul Ball, location: 2F
2-2: Strikes out swinging
Batting: RHB Kyle Bridges 0-0: Called Strike
0-1: Ground out 4-3 (Groundball, 4)
Top of the 5th over - 2 run(s), 2 hit(s), 0 error(s), 1 left on base; Bakersfield 3 - Alloway 3
BOTTOM OF THE 5TH
Alloway Halberds batting - Pitching for Bakersfield Nobles : RHP Orsino Lippi
Batting: RHB Mark Davis 0-0: Foul Ball, location: 2F
0-1: Foul Ball, location: 2F
0-2: Strikes out looking
Batting: RHB Juan Martínez 0-0: Called Strike
0-1: Swinging Strike
0-2: Ball
1-2: Ground out U3 (Groundball, 3)
Batting: RHB Pedro Orozco 0-0: Called Strike
0-1: Hit by Pitch
Batting: RHB Brian Williams 0-0: Ball
1-0: Ball
2-0: Called Strike
2-1: Foul Ball, location: 2F
2-2: Strikes out swinging
Bottom of the 5th over - 0 run(s), 0 hit(s), 0 error(s), 1 left on base; Bakersfield 3 - Alloway 3
TOP OF THE 6TH
Bakersfield Nobles batting - Pitching for Alloway Halberds : RHP Joe Holmes
Batting: RHB Lawrence Olsen 0-0: Ball
1-0: Called Strike
1-1: Ground out 6-3 (Groundball, 6)
Batting: RHB Jack Hatcher 0-0: Called Strike
0-1: Fly out, F4 (Popup, 4D)
Batting: RHB Bill Wilhelm 0-0: Called Strike
0-1: Fly out, F7 (Line Drive, 78M)
Top of the 6th over - 0 run(s), 0 hit(s), 0 error(s), 0 left on base; Bakersfield 3 - Alloway 3
BOTTOM OF THE 6TH
Alloway Halberds batting - Pitching for Bakersfield Nobles : RHP Orsino Lippi
Batting: RHB Anthony Johnston 0-0: Called Strike
0-1: Foul Ball, location: 2F
0-2: Ball
1-2: Foul Ball, location: 2F
1-2: Foul Ball, location: 2F
1-2: Foul Ball, location: 2F
1-2: Foul Ball, location: 2F
1-2: Strikes out looking
Batting: LHB Jack Robbins 0-0: Ball
1-0: Ball
2-0: SINGLE (Line Drive, 9S)
Pitching: RHP John Dodson
Batting: RHB Bill Stewart 0-0: Grounds into double play, U4-3 (Groundball, 4)
Bottom of the 6th over - 0 run(s), 1 hit(s), 0 error(s), 0 left on base; Bakersfield 3 - Alloway 3
TOP OF THE 7TH
Bakersfield Nobles batting - Pitching for Alloway Halberds : RHP Joe Holmes
Batting: LHB Phil Parkinson 0-0: Ball
1-0: Foul Ball, location: 2F
1-1: Ball
2-1: Foul Ball, location: 2F
2-2: Ball
3-2: Foul Ball, location: 2F
3-2: Fly out, F8 (Flyball, 8RM)
Batting: LHB Jeffrey Gregg 0-0: Ball
1-0: Ball
2-0: Ball
3-0: Called Strike
3-1: SINGLE (Line Drive, 56)
Batting: RHB Bill Sackett 0-0: Ball
1-0: Grounds into double play, 6-4-3 (Groundball, 6)
Top of the 7th over - 0 run(s), 1 hit(s), 0 error(s), 0 left on base; Bakersfield 3 - Alloway 3
BOTTOM OF THE 7TH
Alloway Halberds batting - Pitching for Bakersfield Nobles : RHP John Dodson
Batting: RHB Jonathan Cundall 0-0: Ball
1-0: Ball
2-0: Called Strike
2-1: Foul Ball, location: 2F
2-2: Strikes out swinging
Batting: LHB Matt Lee 0-0: Ball
1-0: Ball
2-0: Foul Ball, location: 2F
2-1: Ground out 3-1 (Groundball, 3L)
Batting: RHB Mark Davis 0-0: SINGLE (Groundball, 6MD)
Batting: RHB Juan Martínez 0-0: Called Strike
0-1: Ball
1-1: Called Strike
1-2: Ball
2-2: Foul Ball, location: 2F
2-2: Foul Ball, location: 2F
2-2: Fly out, F8 (Flyball, 8LD)
Bottom of the 7th over - 0 run(s), 1 hit(s), 0 error(s), 1 left on base; Bakersfield 3 - Alloway 3
TOP OF THE 8TH
Bakersfield Nobles batting - Pitching for Alloway Halberds : RHP Joe Holmes
Batting: LHB Paul Smith 0-0: Called Strike
0-1: Ball
1-1: Foul Ball, location: 2F
1-2: Ball
2-2: Fly out, F4 (Popup, 4)
Pitching: LHP Jim Unknown
Batting: RHB Jorge Gonzáles 0-0: Called Strike
0-1: Ball
1-1: Swinging Strike
1-2: Fly out, F9 (Flyball, 89D)
Batting: RHB Kyle Bridges 0-0: Called Strike
0-1: SINGLE (Flyball, 8LS)
Batting: RHB Lawrence Olsen 0-0: Ball
1-0: Ball
2-0: Called Strike
2-1: SINGLE (Groundball, 56D)
Kyle Bridges to second
Batting: RHB Jack Hatcher 0-0: Ball
1-0: Fielders Choice at 2nd, 6-4 (Groundball, 6)
Top of the 8th over - 0 run(s), 2 hit(s), 0 error(s), 1 left on base; Bakersfield 3 - Alloway 3
BOTTOM OF THE 8TH
Alloway Halberds batting - Pitching for Bakersfield Nobles : RHP John Dodson
Pinch Hitting: LHB Mathew Rose 0-0: Ball
1-0: Called Strike
1-1: Ground out U3 (Groundball, 3L)
Pitching: RHP Aaron Greene
Batting: RHB Brian Williams 0-0: Ball
1-0: Ground out 6-3 (Groundball, 6)
Pinch Hitting: LHB Kenji Takahashi 0-0: Ball
1-0: Ball
2-0: Hit by Pitch
Batting: LHB Jack Robbins 0-0: Swinging Strike
0-1: Ball
1-1: Ball
2-1: Swinging Strike
2-2: Ball
3-2: Foul Ball, location: 2F
3-2: Ground out 4-3 (Groundball, 4)
Bottom of the 8th over - 0 run(s), 0 hit(s), 0 error(s), 1 left on base; Bakersfield 3 - Alloway 3
TOP OF THE 9TH
Bakersfield Nobles batting - Pitching for Alloway Halberds : LHP Jim Unknown
Now at 2B: Donald O'Herlihy
Now in CF: Neil Ladner
Batting: RHB Bill Wilhelm 0-0: Ball
1-0: SINGLE (Groundball, 6M)
Pinch Hitting: SHB Cedric Fields 0-0: Ball
Bill Wilhelm is caught stealing 2nd base
1-0: Called Strike
1-1: Fly out, F4 (Popup, 4D)
Pinch Hitting: RHB Ken Fulton 0-0: SINGLE (Flyball, 3D)
Batting: RHB Bill Sackett 0-0: Swinging Strike
0-1: SINGLE (Groundball, 56D)
Ken Fulton to second
Pinch Hitting: RHB Zach King 0-0: Called Strike
0-1: Ball
1-1: Ball
2-1: Hit by Pitch
Ken Fulton to third
Bill Sackett to second
Batting: RHB Jorge Gonzáles 0-0: Foul Ball, location: 2F
0-1: Ball
1-1: Ground out 6-3 (Groundball, 6)
Top of the 9th over - 0 run(s), 3 hit(s), 0 error(s), 3 left on base; Bakersfield 3 - Alloway 3
BOTTOM OF THE 9TH
Alloway Halberds batting - Pitching for Bakersfield Nobles : RHP Aaron Greene
Pitching: RHP Jon Aris
Now at 3B: Cedric Fields
Now at SS: Takaaki Kobayashi
Now in RF: Zach King
Batting: RHB Bill Stewart 0-0: Ball
1-0: Called Strike
1-1: Ball
2-1: Ball
3-1: Base on Balls
Batting: RHB Jonathan Cundall 0-0: Called Strike
0-1: Foul Ball, location: 2F
0-2: Ball
1-2: Ball
2-2: Grounds into double play, 4-6-3 (Groundball, 4)
Batting: LHB Matt Lee 0-0: Ball
1-0: Foul Ball, location: 2F
1-1: Ball
2-1: Foul Ball, location: 2F
2-2: Ball
3-2: Foul Ball, location: 2F
3-2: Strikes out swinging
Bottom of the 9th over - 0 run(s), 0 hit(s), 0 error(s), 0 left on base; Bakersfield 3 - Alloway 3
TOP OF THE 10TH
Bakersfield Nobles batting - Pitching for Alloway Halberds : LHP Jim Unknown
Batting: RHB Kyle Bridges 0-0: Called Strike
0-1: Foul Ball, location: 2F
0-2: Ball
1-2: Ball
2-2: Foul Ball, location: 2F
2-2: Ball
3-2: Fly out, F3 (Popup, 3F)
Batting: RHB Lawrence Olsen 0-0: Ball
1-0: Called Strike
1-1: Ball
2-1: Ground out 5-3 (Groundball, 5S)
Batting: RHB Jack Hatcher 0-0: Called Strike
0-1: Ball
1-1: Called Strike
1-2: Foul Ball, location: 2F
1-2: Ball
2-2: Ball
3-2: Fly out, F8 (Flyball, 8RM)
Top of the 10th over - 0 run(s), 0 hit(s), 0 error(s), 0 left on base; Bakersfield 3 - Alloway 3
BOTTOM OF THE 10TH
Alloway Halberds batting - Pitching for Bakersfield Nobles : RHP Jon Aris
Batting: RHB Mark Davis 0-0: Ball
1-0: Ball
2-0: Swinging Strike
2-1: DOUBLE (Line Drive, 78XD)
Batting: RHB Juan Martínez 0-0: Intentional Walk
Batting: RHB Donald O'Herlihy 0-0: Bunted foul
0-1: Bunted foul
0-2: Ground out 5-3 (Groundball, 5S)
Mark Davis to third
Juan Martínez to second
Pinch Hitting: RHB Tracy Larson 0-0: Intentional Walk
Batting: SHB Neil Ladner 0-0: SINGLE (Groundball, 3D)
Mark Davis scores
This league is powered by Out of the Park Baseball, the baseball management simulation game for PC, Mac and Linux
Monday, May 4th, 2015 - OOTP Baseball 15.6 Build 34